 Dungeon Crawl Stone Soup version 0.29-a0-563-g64e4043184 (webtiles) character file.

Game seed: 10711726033239984985

49 vulpzor the Sneak (level 3, 0/28 HPs)
             Began as a Gnoll Wanderer on June 11, 2022.
             Was an Initiate of Ashenzari.
             Slain by a giant cockroach (1 damage)
             ... on level 2 of the Dungeon.
             The game lasted 00:03:56 (1553 turns).

vulpzor the Sneak (Gnoll Wanderer)                  Turns: 1553, Time: 00:03:57

Health: 0/28       AC:  4    Str:  9    XL:     3   Next: 77%
Magic:  5/5        EV: 13    Int: 11    God:    Ashenzari [......]
Gold:   84         SH:  0    Dex: 15    Spells: 3/3 levels left

rFire   . . .      SeeInvis +   d - +0 falchion
rCold   . . .      Faith    .   (no shield)
rNeg    . . .      Spirit   .   s - +0 leather armour
rPois   .          Reflect  .   e - +0 helmet
rElec   .          Harm     .   (no cloak)
rCorr   .          Rampage  .   (no gloves)
Will    .....                   (no boots)
Stlth   ++++......              (no amulet)
HPRegen 0.09/turn               o - ring of see invisible
MPRegen 0.09/turn               (no ring)

@: no status effects
A: fangs 1, strong nose, distributed training
a: Renounce Religion, Curse Item


You were on level 2 of the Dungeon.
You worshipped Ashenzari.
Ashenzari was noncommittal.
You visited 1 branch of the dungeon, and saw 2 of its levels.

You collected 84 gold pieces.

Inventory:

Hand Weapons
 a - a +0 dagger
 d - a +0 falchion (weapon)
Missiles
 b - an atropa-tipped dart (quivered)
 c - a datura-tipped dart
 n - 6 poisoned darts
Armour
 e - a +0 helmet (worn)
 g - a +0 robe
 s - a +0 leather armour (worn)
Jewellery
 o - a ring of see invisible (left hand)
Wands
 r - a wand of flame (10)
Scrolls
 h - a scroll of identify {unknown}
 j - a scroll of amnesia {unknown}
 k - a scroll of fog {unknown}
 m - a scroll of blinking {unknown}
 p - 2 scrolls of teleportation {unknown}
 q - a scroll of vulnerability {unknown}
Potions
 f - a potion of curing
 i - a potion of cancellation {unknown}
 l - 4 potions of heal wounds {unknown}


   Skills:
 + Level 2.6 Fighting
 + Level 0.9 Short Blades
 + Level 4.5 Long Blades
 + Level 0.9 Axes
 + Level 0.9 Maces & Flails
 + Level 0.9 Polearms
 + Level 0.9 Staves
 + Level 0.9 Slings
 + Level 0.9 Bows
 + Level 0.9 Crossbows
 + Level 0.9 Throwing
 + Level 0.9 Armour
 + Level 4.5 Dodging
 + Level 7.8 Stealth
 + Level 0.9 Shields
 + Level 0.9 Unarmed Combat
 + Level 0.9 Spellcasting
 + Level 0.6 Conjurations
 + Level 0.6 Hexes
 + Level 0.6 Summonings
 + Level 0.6 Necromancy
 + Level 0.6 Translocations
 + Level 0.6 Transmutations
 + Level 0.6 Fire Magic
 + Level 0.6 Ice Magic
 + Level 0.6 Air Magic
 + Level 0.6 Earth Magic
 + Level 0.6 Poison Magic
 + Level 2.7 Invocations
 + Level 0.9 Evocations


You had 3 spell levels left.
You didn't know any spells.
Your spell library contained the following spells:

 Spells                   Type           Power      Damage    Failure   Level
 Magic Dart               Conj           4%         1d3       34%         1
 Call Imp                 Summ           1%         N/A       45%         2
 Mephitic Cloud           Conj/Pois/Air  1%         N/A       71%         3


Dungeon Overview and Level Annotations

Branches:
Dungeon (2/15)

Altars:
Ashenzari


Innate Abilities, Weirdness & Mutations

You have very sharp teeth.
Your uncanny sense of smell can sniff out nearby items.
Your experience applies equally to all skills.


Message History

The adder bites you.
You miss the adder.
You feel sick.
The giant cockroach bites you but does no damage.
The adder bites you.
You are more poisoned.
The adder poisons you! The kobold hits you but does no damage.
The frilled lizard bites you but does no damage.
You hit the adder.
The adder is moderately wounded.
You feel sick. The adder closely misses you.
The giant cockroach bites you but does no damage.
The kobold misses you.
The frilled lizard bites you but does no damage.
You barely miss the adder.
The adder is moderately wounded.
You feel sick. The adder misses you. The giant cockroach barely misses you.
The kobold closely misses you. The frilled lizard barely misses you.
The adder barely misses you. The giant cockroach closely misses you.
You slash the adder!
You kill the adder!
You feel sick. The frilled lizard closely misses you.
The kobold closely misses you. The giant cockroach closely misses you.
The kobold attacks as you move away! The kobold misses you.
You feel sick. The giant cockroach misses you. The frilled lizard bites you.
* * * LOW HITPOINT WARNING * * *
You closely miss the kobold.
You feel sick. The giant cockroach bites you.
* * * LOW HITPOINT WARNING * * *
The kobold closely misses you. The frilled lizard barely misses you.
The giant cockroach bites you.
* * * LOW HITPOINT WARNING * * *
You closely miss the kobold.
* * * LOW HITPOINT WARNING * * *
You feel sick. The kobold hits you but does no damage.
The frilled lizard completely misses you.
The giant cockroach bites you but does no damage.
* * * LOW HITPOINT WARNING * * *
You feel sick.
You are no longer poisoned.
The giant cockroach bites you.
You die...

>...##.###.#
###.......##
#..........#
....#.#.####.# . #
#.####.### #
#........
.####.#..###.####
.........K......#.
.........l@.......
#####....B......#.
####........#
#........#
#........#
#........#
#.####..## #.. ...


You could see a giant cockroach, a kobold and a frilled lizard.

Vanquished Creatures
  2 adders (D:2)
  A dart slug (D:1)
  A ball python (D:2)
  3 endoplasms
  3 giant cockroaches (D:1)
  4 hobgoblins
  A kobold (D:1)
  3 bats (D:1)
  2 frilled lizards
  5 goblins
  2 rats (D:1)
27 creatures vanquished.

Notes
Turn   | Place    | Note
-------+----------+-------------------------------------------
     0 | D:1      | vulpzor the Gnoll Wanderer began the quest for the Orb.
     0 | D:1      | vulpzor set off with the following items: a +0 dagger, an
                  | atropa-tipped dart, a datura-tipped dart, a +0 falchion, a
                  | +0 helmet, a potion of curing, a +0 robe
     0 | D:1      | Reached XP level 1. HP: 17/17 MP: 2/2
    51 | D:1      | Reached XP level 2. HP: 12/23 MP: 3/3
   530 | D:1      | Found a faded altar of an unknown god.
   536 | D:1      | Prayed at the altar of an unknown god.
   536 | D:1      | Became a worshipper of Ashenzari the Shackled
   801 | D:1      | Reached XP level 3. HP: 26/28 MP: 4/4
  1553 | D:2      | HP: 1/28 [poisoned by an adder]
  1553 | D:2      | Slain by a giant cockroach

Illustrated notes

Levels and vault maps discovered:
D:1:      lordsloth_arrival_two_stooges, layout_loops_ring,
          ebering_ecumenical_altar_webs
D:2:      layout_loops_ring, serial_shops, shop

Action                   || total
-------------------------++-------
Melee: Falchion          ||    73
       Dagger            ||     3
       Bite              ||     4
 Stab: Sleeping          ||     8
Armor: Robe              ||    16
       Leather armour    ||    14
Dodge: Dodged            ||    69

Table legend: (Time is in decaauts)
 A = Elapsed time spent in this place.
 B = Non-inter-level travel time spent in this place.
 C = Inter-level travel time spent in this place.
 D = Time resting spent in this place.
 E = Time spent auto-exploring this place.
 F = Levels seen in this place.
 G = Mean time per level.
                   A        B        C        D        E       F      G
               +--------+--------+--------+--------+--------+-----+--------+
         Total |   1557 |   1557 |      0 |      0 |   1213 |   2 |  778.5 |
       Dungeon |   1557 |   1557 |      0 |      0 |   1213 |   2 |  778.5 |
               +--------+--------+--------+--------+--------+-----+--------+

Top non-repeatable levels by time:
     D:1: 1129 daAuts
     D:2: 427 daAuts
